 Dungeon Crawl Stone Soup version 0.27-a0-1319-geec4fb4e21 (webtiles) character file.

Game seed: 938146894941104912

44821 lessens the Black Belt (level 14, -19/92 HPs)
             Began as an Octopode Monk on June 21, 2021.
             Was a High Priest of Okawaru.
             Killed from afar by a rime drake (31 damage)
             ... with a flash freeze
             ... on level 5 of the Lair of Beasts.
             The game lasted 00:23:44 (15942 turns).

lessens the Black Belt (Octopode Monk)             Turns: 15942, Time: 00:23:44

Health: -19/92     AC:  2    Str: 14    XL:     14   Next: 30%
Magic:  19/19      EV: 24    Int: 19    God:    Okawaru [*****.]
Gold:   1606       SH: 12    Dex: 21    Spells: 13/13 levels left

rFire    . . .     SeeInvis +     - Unarmed
rCold    . . .     Faith    .   Q - +0 kite shield {reflect}
rNeg     + . .     Spirit   .   K - +1 hat {Will+}
rPois    .         Reflect  +   z - amulet of regeneration
rElec    .         Harm     .   l - ring of resist corrosion
rCorr    +         Rampage  .   q - +6 ring of dexterity
Will     +++..                  s - +6 ring of intelligence
Stlth    +++++.....             u - ring of willpower
HPRegen  1.25/turn              w - ring of positive energy
MPRegen  0.16/turn              M - ring of see invisible
                                (no ring)
                                (no ring)

@: heroic
A: almost no armour, amphibious, 8 rings, camouflage 1, gelatinous body 1,
(nimble swimmer 1), tentacles
a: Renounce Religion, Heroism, Finesse


You were on level 5 of the Lair of Beasts.
You worshipped Okawaru.
Okawaru was extremely pleased with you.
You visited 3 branches of the dungeon, and saw 19 of its levels.

You collected 1606 gold pieces.

Inventory:

Missiles
 a - 303 stones
 f - 5 boomerangs of dispersal
 h - 2 throwing nets
 o - 2 boomerangs (quivered)
 C - 2 curare-tipped darts
 F - 4 poisoned darts
 G - 10 javelins
 P - 5 silver javelins
Armour
 E - a +0 buckler
 K - a +1 hat of willpower (worn)
 Q - a +0 kite shield of reflection (worn)
Jewellery
 l - a ring of resist corrosion (left tentacle)
 q - a +6 ring of dexterity (right tentacle)
 s - a +6 ring of intelligence (on tentacle)
 u - a ring of willpower (on tentacle)
 w - a ring of positive energy (on tentacle)
 z - an amulet of regeneration (around mantle)
 J - an amulet of magic regeneration
 M - a ring of see invisible (on tentacle)
 N - an amulet of regeneration
Wands
 p - a wand of flame (23)
 v - a wand of iceblast (24)
 y - a wand of mindburst (27)
 A - a wand of acid (8)
Scrolls
 d - a scroll of fog
 e - 3 scrolls of teleportation
 i - a scroll of identify
 j - 2 scrolls of fear
 r - a scroll of amnesia
 t - 3 scrolls of blinking
Potions
 b - 8 potions of curing
 c - a potion of mutation {unknown}
 g - 3 potions of heal wounds
 k - 2 potions of might
 m - 3 potions of haste
 n - 2 potions of flight
 x - a potion of brilliance
 B - 2 potions of invisibility {unknown}
 D - 3 potions of lignification
 H - 2 potions of degeneration {unknown}
 L - a potion of ambrosia
 O - a potion of cancellation {unknown}
Miscellaneous
 I - a lightning rod (4/4)


   Skills:
 - Level 7.0(12.0) Fighting
 - Level 10.6(15.6) Dodging
 - Level 2.6(7.6) Stealth
 + Level 5.5(10.5) Shields
 - Level 18.2(23.2) Unarmed Combat
 - Level 6.7 Invocations
 - Level 4.8 Evocations


You had 13 spell levels left.
You didn't know any spells.
Your spell library contained the following spells:

 Spells                   Type           Power      Damage    Failure   Level
 Beastly Appendage        Tmut           0%         N/A       36%         1
 Summon Small Mammal      Summ           0%         N/A       36%         1
 Call Imp                 Summ           0%         N/A       50%         2
 Wereblood                Tmut           0%         N/A       50%         2
 Call Canine Familiar     Summ           0%         N/A       73%         3
 Spider Form              Tmut/Pois      0%         N/A       73%         3
 Summon Guardian Golem    Hex/Summ       0%         N/A       73%         3
 Ice Form                 Ice/Tmut       0%         N/A       98%         4
 Summon Ice Beast         Ice/Summ       0%         N/A       98%         4
 Summon Lightning Spire   Summ/Air       0%         N/A       98%         4


Dungeon Overview and Level Annotations

Branches:
Dungeon (12/15)            Temple (1/1) D:5            Lair (6/6) D:11
  Swamp (0/4) Lair:2       Spider (0/4) Lair:3          Orc (0/2) D:11
  Slime: Lair:5-6

Altars:
Ashenzari
Cheibriados
Dithmenos
Elyvilon
Fedhas
Gozag
Hepliaklqana
Kikubaaqudgha
Makhleb
Nemelex Xobeh
Okawaru
Qazlal
Ru
Sif Muna
Trog
Uskayaw
Vehumet
Wu Jian
Xom
Yredelemnul
Zin
The Shining One

Shops:
D:5 =

Annotations:
D:4 exclusion: ice beast
D:11 1 runed translucent door, atabob's ghost, journeyman HOMo
Lair:1 2 transporters, Zuem's ghost, journeyman DrIE


Innate Abilities, Weirdness & Mutations

You cannot wear most types of armour.
You are amphibious.
You can wear up to eight rings at the same time.
Your skin changes colour to match your surroundings (Stealth+).
Your rubbery body absorbs attacks. (AC +1, EV +1)
((You are camouflaged near water. (Stealth+)))
You have tentacles for arms and can constrict up to eight enemies at once.


Message History

The six-headed hydra completely misses you.
The six-headed hydra bites you!
You block the six-headed hydra's attack.
A basilisk comes into view.
The basilisk hisses angrily.
You bludgeon the six-headed hydra!
The six-headed hydra is almost dead.
You block the six-headed hydra's attack.
The six-headed hydra barely misses you. The six-headed hydra bites you!
The six-headed hydra completely misses you.
The six-headed hydra bites you!
* * * LOW HITPOINT WARNING * * *
The six-headed hydra bites you!
* * * LOW HITPOINT WARNING * * *
The rime drake hisses angrily.
You batter the six-headed hydra!!
You kill the six-headed hydra!
Okawaru accepts your kill.
Your life force feels restored.
You tentacle-slap the rime drake.
You tentacle-slap the rime drake, but do no damage.
You squeeze the rime drake, but do no damage.
The rime drake is lightly wounded.
The rime drake barely misses you.
You tentacle-slap the rime drake.
The rime drake is moderately wounded.
The rime drake bites you.
* * * LOW HITPOINT WARNING * * *
You bludgeon the rime drake!
The rime drake is severely wounded.
You block the hell rat's attack.
You tentacle-slap the rime drake. You squeeze the rime drake.
The rime drake is almost dead.
You block the rime drake's attack. The hell rat closely misses you.
You barely miss the rime drake.
You squeeze the rime drake, but do no damage.
The rime drake is almost dead.
The rime drake breathes ice at you. The flash freeze hits you!!
You die...

##. ......# .###
#..##..#..## ..##
##.#....#... . ##..#
#...........#..
#...###........# ..#
##.⌠.##..##.⌠.⌠.#...#.
...#.....#..#....†..#/...
#l.⌠.D..+..#...>........
#..#.r..†#@.#...†...#....
#...#.⌠.#r.k#..⌠.⌠.#...#.
#...#######..#........#..
#.. #............. ##
#..##....#.....
#...#####..##.. .##.. .##
## #.. #..


You could see a rime drake (catching breath) and a hell rat.

Vanquished Creatures
  Gastronok (Lair:3)
  2 centaur warriors
  A catoblepas (Lair:4)
  Erica (Lair:1)
  9 hydras
  4 death yaks
  A tengu warrior (D:12)
  Nergalle (Lair:3)
  Urug (D:10)
  A bog body (Lair:2)
  Pikel (D:6)
  A deep elf pyromancer (D:9)
  An oklob plant (Lair:3)
  2 cyclopes (D:12)
  6 elephants (Lair:6)
  Maurice (D:8)
  Maggie (Lair:1)
  A gargoyle (D:12)
  3 black mambas (Lair:3)
  3 cane toads
  A rime drake (Lair:6)
  3 komodo dragons
  3 polar bears
  A meliai (D:12)
  2 slime creatures (D:7)
  A troll (D:10)
  Prince Ribbit (D:9)
  16 blink frogs
  A shadow (D:10)
  Sigmund (D:5)
  A vampire (D:11)
  A wraith (D:11)
  5 wyverns
  46 yaks
  3 basilisks
  4 vampire mosquitoes (D:12)
  An acid dragon (D:12)
  Menkaure (D:7)
  16 water moccasins
  Duvessa (D:6)
  A black bear (Lair:1)
  A sky beast (D:7)
  A hornet zombie (D:9)
  3 orc warriors
  2 ogres
  32 wolves (Lair:2)
  3 centaurs
  2 kobold brigands
  2 lemures (D:6)
  14 bullfrogs
  A wyvern zombie (D:8)
  A gnoll sergeant (D:10)
  7 scorpions
  Dowan (D:6)
  A water moccasin skeleton (D:4)
  9 killer bees
  A howler monkey (D:6)
  2 electric eels (Lair:1)
  2 bullfrog zombies (D:5)
  2 centaur zombies
  Crazy Yiuf (D:5)
  A gnoll shaman (D:7)
  An orc priest (D:5)
  3 hounds
  Ijyb (D:3)
  A bullfrog skeleton (D:4)
  4 hell rats
  3 orc wizards
  Robin (D:4)
  2 howler monkey zombies
  8 gnolls
  A howler monkey skeleton (D:7)
  6 adders
  A shadow imp (D:8)
  2 worms
  12 orcs
  7 ball pythons
  6 endoplasms
  4 giant cockroaches
  7 goblins
  10 hobgoblins
  5 jackals
  2 quokkas
  6 bats
  A frilled lizard (D:2)
  14 kobolds
  6 rats
355 creatures vanquished.

Vanquished Creatures (others)
  22 fungi
  22 plants
44 creatures vanquished.

Grand Total: 399 creatures vanquished

Notes
Turn   | Place    | Note
-------+----------+-------------------------------------------
     0 | D:1      | lessens the Octopode Monk began the quest for the Orb.
     0 | D:1      | Reached XP level 1. HP: 16/16 MP: 1/1
   128 | D:1      | Reached XP level 2. HP: 20/21 MP: 2/2
   623 | D:1      | Reached skill level 4 in Unarmed Combat
   626 | D:1      | Reached XP level 3. HP: 23/26 MP: 3/3
  1046 | D:2      | Found a faded altar of an unknown god.
  1927 | D:3      | Reached XP level 4. HP: 31/31 MP: 4/4
  2300 | D:3      | Noticed Ijyb
  2499 | D:4      | Reached skill level 5 in Unarmed Combat
  2702 | D:4      | Reached XP level 5. HP: 27/36 MP: 5/5
  2904 | D:4      | Identified the +1 helmet "Qilas" {rPois rF+++ rC- Will-}
  2904 | D:4      | Noticed Robin
  2918 | D:4      | Killed Robin
  3150 | D:4      | Reached skill level 6 in Unarmed Combat
  3268 | D:4      | Noticed an ice beast
  3432 | D:4      | Reached XP level 6. HP: 36/42 MP: 6/6
  3615 | D:5      | Entered Level 5 of the Dungeon
  3647 | D:5      | Found a staircase to the Ecumenical Temple.
  3654 | Temple   | Entered the Ecumenical Temple
  3758 | D:5      | Found Binac's Jewellery Boutique.
  4492 | D:5      | Reached skill level 7 in Unarmed Combat
  4641 | D:5      | Reached XP level 7. HP: 46/46 MP: 7/7
  4911 | D:5      | Reached skill level 8 in Unarmed Combat
  4999 | D:5      | Noticed Sigmund
  5004 | D:5      | Killed Sigmund
  5256 | D:5      | Found a runed translucent door.
  5257 | D:5      | Noticed Crazy Yiuf
  5266 | D:5      | Killed Crazy Yiuf
  5467 | D:5      | Reached skill level 9 in Unarmed Combat
  5620 | D:6      | Noticed Pikel
  5976 | D:6      | Killed Pikel
  5977 | D:6      | Reached skill level 10 in Unarmed Combat
  5977 | D:6      | Reached XP level 8. HP: 52/52 MP: 8/8
  6179 | D:6      | Noticed Duvessa
  6179 | D:6      | Noticed Dowan
  6189 | D:6      | Killed Duvessa
  6193 | D:6      | Killed Dowan
  6421 | D:6      | Found a sparkling altar of Nemelex Xobeh.
  6423 | D:6      | Found an iron altar of Okawaru.
  6692 | D:7      | Identified the +8 hand axe "Domod" {freeze, rCorr Int+4
                  | Dex+5}
  6713 | D:7      | Reached skill level 11 in Unarmed Combat
  6713 | D:7      | Reached XP level 9. HP: 45/56 MP: 9/9
  7024 | D:6      | Found an opulent altar of Gozag.
  7024 | D:6      | Found a burning altar of Makhleb.
  7030 | D:6      | Became a worshipper of Warmaster Okawaru
  7030 | D:6      | Reached * piety under Okawaru
  7030 | D:6      | Reached ** piety under Okawaru
  7369 | D:7      | Reached skill level 5 in Dodging
  7653 | D:7      | Noticed Menkaure
  7660 | D:7      | Killed Menkaure
  7676 | D:7      | Reached skill level 12 in Unarmed Combat
  8087 | D:8      | Reached *** piety under Okawaru
  8235 | D:8      | Noticed Maurice
  8251 | D:8      | Killed Maurice
  8252 | D:8      | Reached XP level 10. HP: 27/63 MP: 10/10
  8606 | D:3      | Killed Ijyb
  8943 | D:8      | Found a white marble altar of Elyvilon.
  9219 | D:9      | Noticed a deep elf pyromancer
  9230 | D:9      | Killed a deep elf pyromancer
  9231 | D:9      | Reached skill level 13 in Unarmed Combat
  9354 | D:9      | Reached skill level 1 in Invocations
  9371 | D:9      | Noticed Prince Ribbit
  9383 | D:9      | Killed Prince Ribbit
  9481 | D:9      | Reached **** piety under Okawaru
  9850 | D:9      | Identified a scroll of acquirement
  9850 | D:9      | Acquired 777 gold pieces
  9872 | D:10     | Entered Level 10 of the Dungeon
  9938 | D:10     | Reached skill level 5 in Fighting
 10001 | D:10     | Reached XP level 11. HP: 59/72 MP: 11/14
 10012 | D:10     | Reached skill level 14 in Unarmed Combat
 10168 | D:10     | Reached ***** piety under Okawaru
 10168 | D:10     | Received a gift from Okawaru
 10184 | D:10     | Noticed a centaur warrior
 10197 | D:10     | Killed a centaur warrior
 10954 | D:10     | Found a stormy altar of Qazlal.
 10977 | D:10     | Noticed Urug
 10985 | D:10     | Killed Urug
 11102 | D:11     | Found a staircase to the Orcish Mines.
 11590 | D:11     | Found a runed translucent door.
 11593 | D:11     | Noticed atabob's ghost (journeyman HOMo)
 11663 | D:11     | Found a staircase to the Lair.
 11699 | D:11     | Reached skill level 15 in Unarmed Combat
 11807 | D:11     | Identified the +2 robe "Xarion" {+Blink}
 12011 | D:12     | Noticed a six-headed hydra
 12016 | D:12     | Killed a six-headed hydra
 12017 | D:12     | Reached skill level 5 in Invocations
 12058 | D:12     | Noticed a four-headed hydra
 12060 | D:12     | Noticed a tengu warrior
 12068 | D:12     | Killed a four-headed hydra
 12072 | D:12     | Noticed a four-headed hydra
 12087 | D:12     | Killed a tengu warrior
 12088 | D:12     | Reached XP level 12. HP: 18/81 MP: 16/16
 12169 | D:12     | Killed a four-headed hydra
 12169 | D:12     | Identified the +10 quick blade "Bapn" {vorpal, Will+ Int+4}
                  | (Okawaru gifted it to you on level 12 of the Dungeon)
 12169 | D:12     | Received a gift from Okawaru
 12396 | D:12     | Noticed a centaur warrior
 12409 | D:12     | Killed a centaur warrior
 12471 | D:12     | Noticed a storm dragon
 12473 | D:12     | Noticed a storm dragon
 12562 | Lair:1   | Entered Level 1 of the Lair of Beasts
 12594 | Lair:1   | Noticed Maggie
 12605 | Lair:1   | Killed Maggie
 12650 | Lair:1   | Noticed Erica
 12658 | Lair:1   | Killed Erica
 12780 | Lair:1   | Found a transporter.
 12781 | Lair:1   | Noticed Zuem's ghost (journeyman DrIE)
 12783 | Lair:1   | Found a transporter.
 12783 | Lair:1   | Noticed a five-headed hydra
 12956 | Lair:1   | Noticed a five-headed hydra
 12961 | Lair:1   | Killed a five-headed hydra
 13224 | Lair:1   | Reached skill level 16 in Unarmed Combat
 13473 | Lair:2   | Received a gift from Okawaru
 13516 | Lair:2   | Reached XP level 13. HP: 46/86 MP: 18/18
 14005 | Lair:2   | Found a staircase to the Swamp.
 14316 | Lair:3   | Reached skill level 17 in Unarmed Combat
 14399 | Lair:3   | Noticed Nergalle
 14408 | Lair:3   | Killed Nergalle
 14576 | Lair:3   | Noticed Gastronok
 14593 | Lair:3   | Killed Gastronok
 14608 | Lair:3   | Found a hazy altar of Hepliaklqana.
 14696 | Lair:3   | Found a hole to the Spider Nest.
 14851 | Lair:2   | Reached skill level 10 in Dodging
 14984 | Lair:3   | Received a gift from Okawaru
 15173 | Lair:4   | Reached ****** piety under Okawaru
 15434 | Lair:4   | You fall into a shaft and drop 2 floors!
 15434 | Lair:6   | Entered Level 6 of the Lair of Beasts
 15447 | Lair:6   | Received a gift from Okawaru
 15455 | Lair:6   | Reached skill level 18 in Unarmed Combat
 15473 | Lair:6   | Reached XP level 14. HP: 53/92 MP: 19/19
 15611 | Lair:6   | Received a gift from Okawaru
 15716 | Lair:6   | Reached skill level 1 in Shields
 15868 | Lair:6   | Reached skill level 5 in Shields
 15942 | Lair:5   | Killed from afar by a rime drake

Illustrated notes

Levels and vault maps discovered:
D:1:      amcnicky_arrival_flooded_fountain, layout_loops_cross
D:2:      layout_basic, serial_curves, eino_curves_01, eino_curves_03,
          shapermc_ecumenical_altar_mp_urbaneastern
D:3:      layout_loops_ring, uniq_ijyb
D:4:      layout_loops_ring, corexii_corridor_pit, uniq_robin
D:5:      layout_loops_corners, minmay_temple_entry_butterflies, serial_shops,
          nicolae_inconvenience_store, guppyfry_early_lair_pool,
          uniq_crazy_yiuf_cottage, uniq_sigmund
D:6:      layout_basic, nicolae_overflow_hidden_temple, uniq_pikel, uniq_duvessa
D:7:      layout_basic, serial_curves, eino_curves_02, eino_curves_02,
          dk_noncrumbling_2, roderic_roman_lattice, uniq_menkaure
D:8:      layout_rooms, elyvilon_altar_5, uniq_maurice
D:9:      layout_rooms, uniq_prince_ribbit1
D:10:     layout_loops_corners, general_overflow_altar, uniq_urug
D:11:     layout_loops_ring, lair_entry_dummy, hellmonk_ghost_happy_afterlife,
          roderic_lattice_a
D:12:     minmay_outward_triangles, layout_irregular_city, kb_rosetta,
          uniq_azrael
Temple:   kb_temple_of_zot
Lair:1:   layout_roguey, gammafunk_ghost_arena, serial_bayou_pond_a,
          grunt_megastairs_1, infiniplex_staircase_pool, uniq_erica, uniq_maggie
Lair:2:   layout_roguey, skrybe_swamp_entry_bodies, grunt_forest_large_clearings
Lair:3:   layout_big_grid, nicolae_spider_entry_non_spiders, minmay_holes,
          lemuel_oklob_altar, uniq_nergalle, uniq_gastronok
Lair:4:   layout_roguey, serial_bayou_crossing
Lair:5:   layout_roguey [special_room_mythical_zoo],
          minmay_slime_entry_oklob_open, serial_bayou_shore_a,
          grunt_megastairs_2
Lair:6:   evil_forest, layout_cellular_growth, hangedman_lair_generics_rect

Skill      XL: |  1  2  3  4  5  6  7  8  9 10 11 12 13 14 |
---------------+-------------------------------------------+-----
Unarmed Combat | 4 5 6 7 10 11 12 13 15 16 18 | 18.2
Dodging        | 4 6 8 10 | 10.6
Invocations    | 4 6 |  6.7
Fighting       | 5 7 |  7.0
Evocations     | 4 |  4.8
Shields        | 5 |  5.5
Stealth        | |  2.6

Action                   |  1- 3 |  4- 6 |  7- 9 | 10-12 | 13-15 || total
-------------------------+-------+-------+-------+-------+-------++-------
Melee: Unarmed           |    62 |   110 |   166 |   409 |   379 ||  1126
       Constrict         |    14 |    27 |    31 |    58 |    49 ||   179
       Tentacles         |     8 |    19 |    40 |   110 |   103 ||   280
       Punch             |       |     4 |    24 |    73 |    81 ||   182
Throw: Throwing net      |       |     1 |     2 |       |       ||     3
       Boomerang         |       |       |    11 |    21 |     1 ||    33
Invok: Heroism           |       |       |       |    22 |    19 ||    41
Evoke: Lightning rod     |       |       |       |     3 |       ||     3
  Use: Scroll            |       |       |       |    15 |     5 ||    20
       Potion            |       |       |       |     2 |     1 ||     3
 Stab: Sleeping          |     8 |     7 |     6 |    12 |     7 ||    40
       Held in net/web   |       |       |     1 |       |       ||     1
       Distracted        |       |       |       |     1 |     1 ||     2
Armor: Skin              |     6 |     3 |     4 |     8 |    10 ||    31
Dodge: Dodged            |    37 |    70 |    86 |   234 |   270 ||   697
Block: Buckler           |       |       |       |    39 |    51 ||    90
       Kite shield       |       |       |       |       |    46 ||    46

Table legend: (Time is in decaauts)
 A = Elapsed time spent in this place.
 B = Non-inter-level travel time spent in this place.
 C = Inter-level travel time spent in this place.
 D = Time resting spent in this place.
 E = Time spent auto-exploring this place.
 F = Levels seen in this place.
 G = Mean time per level.
                   A        B        C        D        E       F      G
               +--------+--------+--------+--------+--------+-----+--------+
         Total |  15688 |  14741 |    947 |   1203 |  10913 |  19 |  825.7 |
       Dungeon |  12377 |  11508 |    869 |    948 |   8938 |  12 | 1031.4 |
        Temple |     86 |     70 |     16 |      0 |     70 |   1 |   86.0 |
          Lair |   3224 |   3162 |     62 |    255 |   1905 |   6 |  537.3 |
               +--------+--------+--------+--------+--------+-----+--------+

Top non-repeatable levels by time:
     D:5: 2206 daAuts
     D:7: 1684 daAuts
     D:4: 1303 daAuts
    D:10: 1201 daAuts
    D:11: 947 daAuts
     D:2: 925 daAuts
     D:1: 914 daAuts
  Lair:1: 850 daAuts
  Lair:2: 790 daAuts
     D:6: 771 daAuts
  Lair:3: 750 daAuts
     D:3: 703 daAuts
     D:8: 670 daAuts
     D:9: 564 daAuts
    D:12: 484 daAuts
